 Dungeon Crawl Stone Soup version 0.26-a0-712-ga5a9c9c9d0 (webtiles) character file.

Game seed: 4894687768641742116

5457 Gargoyl the Fighter (level 10, -9/82 HPs)
             Began as a Gnoll Abyssal Knight on Nov 1, 2020.
             Was an Elder of Lugonu.
             Mangled by a boulder beetle (19 damage)
             ... on level 9 of the Dungeon.
             The game lasted 00:11:35 (10176 turns).

Gargoyl the Fighter (Gnoll Abyssal Knight)         Turns: 10176, Time: 00:11:36

Health: -9/82      AC: 18    Str: 18    XL:     10   Next: 68%
Magic:  0/18       EV: 10    Int: 14    God:    Lugonu [****..]
Gold:   402        SH:  0    Dex: 15    Spells: 20/20 levels left

rFire    + . .     SeeInvis .   w - +3 quarterstaff (chaos)
rCold    . . .     Faith    .   (shield currently unavailable)
rNeg     + + .     Spirit   +   d - +4 chain mail {rF+}
rPois    .         Reflect  .   z - +0 helmet
rElec    .         Harm     .   b - +0 cloak
rCorr    .         Rampage  .   v - +0 pair of gloves
MR       .....                  (no boots)
Stlth    ..........             x - amulet of guardian spirit (curse)
HPRegen  0.23/turn              c - ring of positive energy
MPRegen  0.16/turn              i - ring of positive energy

@: lethally poisoned (-9 -> -9)
A: distributed training, fangs 1, strong nose
a: Depart the Abyss, Bend Space, Banish, Corrupt, Renounce Religion


You were on level 9 of the Dungeon.
You worshipped Lugonu.
Lugonu was greatly pleased with you.
You visited 1 branch of the dungeon, and saw 9 of its levels.
You visited the Abyss 1 time.

You collected 597 gold pieces.
You spent 195 gold pieces at shops.

Inventory:

Hand Weapons
 a - a +1 hand axe
 w - a +3 quarterstaff of chaos (weapon)
Missiles
 u - 48 poisoned darts (quivered)
Armour
 b - a +0 cloak (worn)
 d - a +4 chain mail of fire resistance (worn)
 v - a +0 pair of gloves (worn)
 z - a +0 helmet (worn)
 J - a +2 kite shield
Jewellery
 c - a ring of positive energy (left hand)
 i - a ring of positive energy (right hand)
 l - an uncursed ring of protection from cold
 o - an uncursed ring of fire
 p - an uncursed ring of protection from fire
 x - a cursed amulet of guardian spirit (around neck)
 A - an uncursed ring of flight {unknown}
 H - an uncursed ring of protection from fire
 I - a +4 ring of evasion {unknown}
Wands
 t - a wand of paralysis (15)
 C - a wand of polymorph (10)
 F - a wand of acid (8)
Scrolls
 g - a scroll of fear
 h - a scroll of identify
 j - a scroll of teleportation
 k - a scroll of magic mapping
 y - a scroll of fog
 D - a scroll of immolation
 E - a scroll of blinking
 G - 2 scrolls of remove curse
Potions
 e - a potion of brilliance
 f - 2 potions of flight
 m - 4 potions of heal wounds
 n - 2 potions of stabbing {unknown}
 q - a potion of haste {unknown}
 r - 3 potions of resistance {unknown}
 s - 2 potions of cancellation {unknown}
 B - a potion of berserk rage {unknown}


   Skills:
 + Level 8.6 Fighting
 + Level 5.5 Short Blades
 + Level 5.5 Long Blades
 + Level 7.2 Axes
 + Level 5.5 Maces & Flails
 + Level 5.5 Polearms
 + Level 5.5 Staves
 + Level 5.5 Slings
 + Level 5.5 Bows
 + Level 5.5 Crossbows
 + Level 5.5 Throwing
 + Level 7.2 Armour
 + Level 6.1 Dodging
 + Level 5.5 Stealth
 + Level 5.5 Shields
 + Level 5.5 Unarmed Combat
 + Level 5.5 Spellcasting
 + Level 4.5 Conjurations
 + Level 4.5 Hexes
 + Level 4.5 Summonings
 + Level 4.5 Necromancy
 + Level 4.5 Translocations
 + Level 4.5 Transmutations
 + Level 4.5 Fire Magic
 + Level 4.5 Ice Magic
 + Level 4.5 Air Magic
 + Level 4.5 Earth Magic
 + Level 4.5 Poison Magic
 + Level 7.7 Invocations
 + Level 5.5 Evocations


You had 20 spell levels left.
You didn't know any spells.
Your spell library contained the following spells:

 Spells                   Type           Power        Failure   Level
 Magic Dart               Conj           ###.         26%         1
 Blink                    Tloc           N/A          36%         2
 Call Imp                 Summ           ###.....     36%         2
 Slow                     Hex            ###.....     36%         2
 Conjure Flame            Conj/Fire      ###.....     61%         3
 Mephitic Cloud           Conj/Pois/Air  ###.....     61%         3


Dungeon Overview and Level Annotations

Branches:
Dungeon (9/15)             Temple (0/1) D:4            Lair (0/6) D:9
    Orc: D:9-12

Altars:
Fedhas
Gozag
Hepliaklqana
Kikubaaqudgha
Okawaru
Ru
Yredelemnul

Shops:
D:5 *


Innate Abilities, Weirdness & Mutations

Your experience applies equally to all skills.
You have very sharp teeth.
Your uncanny sense of smell can sniff out nearby items.


Message History

The yak gores you but does no damage.
You see here a howler monkey corpse.
You feel sick.
You hear an angry hiss.
The yak gores you but does no damage.
You feel sick. The yak gores you!
The yak rages.
The yak gores you!
The wyvern hisses angrily.
The yak rages.
You feel sick. The boulder beetle hits you!!
* * * LOW HITPOINT WARNING * * *
The boulder beetle stops rolling and uncurls.
There is a stone staircase leading up, spattered with blood here.
The yak gores you.
* * * LOW HITPOINT WARNING * * *
The yak gores you!
* * * LOW HITPOINT WARNING * * *
The boulder beetle bites you!!
You die...

........##..
##...........#..
#...?.............
#.................
#................> #
#.................
##.#...............○.
#......Y....../..°°..
##.#.@YY.Y...........
#.....B°.Yl.†........
#...#......Y..........
##. ####............#.
# ##.#.........#
#####......#..
####.### . ..# .##


You could see a boulder beetle, 6 yaks and a wyvern.

Vanquished Creatures
  Joseph (D:8)
  A troll (D:6)
  Eustachio (D:5)
  A yak (D:8)
  2 water moccasins
  Duvessa (D:5)
  3 ice beasts
  An orc warrior (D:7)
  A black bear (D:8)
  3 sky beasts
  3 phantoms
  2 necrophages
  3 ogres
  3 centaurs
  7 bullfrogs
  Dowan (D:5)
  10 wights
  7 killer bees (D:6)
  3 howler monkeys (D:9)
  A bullfrog skeleton (D:5)
  3 orc priests
  4 hounds
  4 jellies
  Crazy Yiuf (D:3)
  2 centaur skeletons
  A gnoll shaman (D:5)
  Jessica (D:3)
  10 orc wizards
  An iguana (D:8)
  7 worker ants
  A killer bee zombie (D:5)
  2 hound skeletons
  A worker ant zombie (D:8)
  8 gnolls
  6 adders
  3 shadow imps
  A white imp (D:5)
  An ufetubus (D:8)
  An adder zombie (D:6)
  2 adder skeletons
  2 dart slugs (D:1)
  2 worms
  7 leopard geckos
  21 orcs
  4 ball pythons
  5 bats
  2 giant cockroaches (D:4)
  10 goblins
  3 hobgoblins
  7 kobolds
  2 quokkas
  4 frilled lizards
  A quokka skeleton (D:8)
  6 rats
191 creatures vanquished.

Vanquished Creatures (others)
  An orc (D:5)
  A fungus (D:9)
  7 plants
9 creatures vanquished.

Grand Total: 200 creatures vanquished

Notes
Turn   | Place    | Note
-------+----------+-------------------------------------------
     0 | Abyss:1  | Gargoyl the Gnoll Abyssal Knight began the quest for the
                  | Orb.
     0 | Abyss:1  | Reached XP level 1. HP: 23/23 MP: 3/3
    23 | Abyss:1  | Found a broken altar of Ashenzari.
    38 | Abyss:1  | Noticed a starcursed mass
    46 | D:1      | Escaped the Abyss
   227 | D:1      | Reached XP level 2. HP: 27/29 MP: 5/5
   230 | D:1      | Reached * piety under Lugonu
   758 | D:2      | Reached XP level 3. HP: 35/35 MP: 6/6
  2029 | D:3      | Reached skill level 1 in Short Blades
  2029 | D:3      | Reached skill level 1 in Long Blades
  2029 | D:3      | Reached skill level 1 in Maces & Flails
  2029 | D:3      | Reached skill level 1 in Polearms
  2029 | D:3      | Reached skill level 1 in Staves
  2029 | D:3      | Reached skill level 1 in Slings
  2029 | D:3      | Reached skill level 1 in Bows
  2029 | D:3      | Reached skill level 1 in Crossbows
  2029 | D:3      | Reached skill level 1 in Throwing
  2029 | D:3      | Reached skill level 1 in Stealth
  2029 | D:3      | Reached skill level 1 in Shields
  2029 | D:3      | Reached skill level 1 in Unarmed Combat
  2029 | D:3      | Reached skill level 1 in Spellcasting
  2029 | D:3      | Reached skill level 1 in Evocations
  2029 | D:3      | Reached XP level 4. HP: 40/41 MP: 7/7
  2123 | D:3      | Found a sacrificial altar of Ru.
  2335 | D:3      | Noticed Jessica
  2340 | D:3      | Killed Jessica
  2340 | D:3      | Reached skill level 1 in Conjurations
  2340 | D:3      | Reached skill level 1 in Hexes
  2340 | D:3      | Reached skill level 1 in Summonings
  2340 | D:3      | Reached skill level 1 in Necromancy
  2340 | D:3      | Reached skill level 1 in Translocations
  2340 | D:3      | Reached skill level 1 in Transmutations
  2340 | D:3      | Reached skill level 1 in Fire Magic
  2340 | D:3      | Reached skill level 1 in Ice Magic
  2340 | D:3      | Reached skill level 1 in Air Magic
  2340 | D:3      | Reached skill level 1 in Earth Magic
  2340 | D:3      | Reached skill level 1 in Poison Magic
  2342 | D:3      | Found an ancient bone altar of Kikubaaqudgha.
  2579 | D:3      | Found a hazy altar of Hepliaklqana.
  2868 | D:3      | Found a runed translucent door.
  2869 | D:3      | Noticed Crazy Yiuf
  2926 | D:3      | Killed Crazy Yiuf
  2926 | D:3      | Reached XP level 5. HP: 30/47 MP: 8/8
  3327 | D:4      | Found a staircase to the Ecumenical Temple.
  3387 | D:4      | Reached ** piety under Lugonu
  3387 | D:4      | Reached skill level 5 in Invocations
  3387 | D:4      | Reached XP level 6. HP: 53/53 MP: 9/9
  3575 | D:4      | Noticed a phantom
  3592 | D:4      | Killed a phantom
  3592 | D:4      | Reached skill level 5 in Axes
  3592 | D:4      | Reached skill level 5 in Armour
  4100 | D:5      | Entered Level 5 of the Dungeon
  4121 | D:5      | Noticed a sky beast
  4127 | D:5      | Noticed a water moccasin
  4135 | D:5      | Killed a sky beast
  4135 | D:5      | Reached XP level 7. HP: 45/59 MP: 10/10
  4142 | D:5      | Reached skill level 7 in Fighting
  4394 | D:5      | Noticed Duvessa
  4394 | D:5      | Noticed Dowan
  4397 | D:5      | Noticed Eustachio
  4739 | D:5      | Reached XP level 8. HP: 22/67 MP: 12/12
  4757 | D:5      | Killed Duvessa
  4779 | D:5      | Killed Dowan
  5084 | D:5      | Found Papougg's Assorted Antiques.
  5240 | D:5      | Bought a runed chain mail for 195 gold pieces
  5387 | D:5      | Killed Eustachio
  5517 | D:5      | Found a basalt altar of Yredelemnul.
  6101 | D:6      | Found a blossoming altar of Fedhas.
  6209 | D:6      | Reached XP level 9. HP: 72/73 MP: 14/14
  6717 | D:6      | Reached skill level 5 in Dodging
  6820 | D:6      | Reached *** piety under Lugonu
  7279 | D:6      | Reached skill level 8 in Fighting
  7786 | D:7      | Noticed a troll
  7805 | D:6      | Killed a troll
  7805 | D:6      | Reached XP level 10. HP: 49/79 MP: 11/17
  8003 | D:7      | Reached skill level 5 in Short Blades
  8003 | D:7      | Reached skill level 5 in Long Blades
  8003 | D:7      | Reached skill level 5 in Maces & Flails
  8003 | D:7      | Reached skill level 5 in Polearms
  8003 | D:7      | Reached skill level 5 in Staves
  8003 | D:7      | Reached skill level 5 in Slings
  8003 | D:7      | Reached skill level 5 in Bows
  8003 | D:7      | Reached skill level 5 in Crossbows
  8003 | D:7      | Reached skill level 5 in Throwing
  8003 | D:7      | Reached skill level 5 in Stealth
  8003 | D:7      | Reached skill level 5 in Shields
  8003 | D:7      | Reached skill level 5 in Unarmed Combat
  8003 | D:7      | Reached skill level 5 in Spellcasting
  8003 | D:7      | Reached skill level 5 in Evocations
  8143 | D:7      | HP: 4/81 [poisoned by an orc wizard]
  8632 | D:7      | Found an iron altar of Okawaru.
  8893 | D:8      | Reached **** piety under Lugonu
  8982 | D:8      | Found an opulent altar of Gozag.
  9021 | D:8      | Noticed Joseph
  9033 | D:8      | Killed Joseph
  9351 | D:8      | You fall into a shaft and drop 1 floor!
  9352 | D:9      | Noticed a boulder beetle
  9356 | D:9      | Found a staircase to the Lair.
 10176 | D:9      | Mangled by a boulder beetle

Illustrated notes

Levels and vault maps discovered:
D:1:      dpeg_arrival_arbitrary_b, layout_loops_ring
D:2:      layout_basic
D:3:      layout_basic, nicolae_ru_sacrificial_ziggurat,
          lemuel_coloured_pillars_altar, lemuel_doored_altar,
          hangedman_decor_push, uniq_jessica, uniq_crazy_yiuf_cottage
D:4:      layout_loops_corners, minmay_temple_entry_junction_2,
          minmay_fractal_squares_5
D:5:      layout_basic, yredelemnul_altar_generic, serial_shops,
          nicolae_shop_overgrown_old_shop, hangedman_decor_clover_reticule,
          uniq_eustachio, uniq_duvessa
D:6:      layout_basic, basic_altar
D:7:      layout_basic, basic_altar
D:8:      layout_loops_ring, nicolae_gozag_cash_rules_everything_around_me,
          uniq_joseph
D:9:      layout_cross, grunt_temple_overflow_order_and_chaos_1,
          chequers_temple_overflow_statue_of_worship,
          gammafunk_temple_overflow_claw, minmay_lair_entry_grove

Skill      XL: |  1  2  3  4  5  6  7  8  9 10 |
---------------+-------------------------------+-----
Short Blades   | 1 2 3 4 5 |  5.5
Long Blades    | 1 2 3 4 5 |  5.5
Maces & Flails | 1 2 3 4 5 |  5.5
Polearms       | 1 2 3 4 5 |  5.5
Staves         | 1 2 3 4 5 |  5.5
Slings         | 1 2 3 4 5 |  5.5
Bows           | 1 2 3 4 5 |  5.5
Crossbows      | 1 2 3 4 5 |  5.5
Throwing       | 1 2 3 4 5 |  5.5
Stealth        | 1 2 3 4 5 |  5.5
Shields        | 1 2 3 4 5 |  5.5
Unarmed Combat | 1 2 3 4 5 |  5.5
Spellcasting   | 1 2 3 4 5 |  5.5
Evocations     | 1 2 3 4 5 |  5.5
Conjurations   | 1 2 3 4 |  4.5
Hexes          | 1 2 3 4 |  4.5
Summonings     | 1 2 3 4 |  4.5
Necromancy     | 1 2 3 4 |  4.5
Translocations | 1 2 3 4 |  4.5
Transmutations | 1 2 3 4 |  4.5
Fire Magic     | 1 2 3 4 |  4.5
Ice Magic      | 1 2 3 4 |  4.5
Air Magic      | 1 2 3 4 |  4.5
Earth Magic    | 1 2 3 4 |  4.5
Poison Magic   | 1 2 3 4 |  4.5
Dodging        | 3 4 5 6 |  6.1
Invocations    | 5 6 7 |  7.7
Axes           | 5 6 7 |  7.2
Armour         | 5 6 7 |  7.2
Fighting       | 7 8 |  8.6

Action                   |  1- 3 |  4- 6 |  7- 9 | 10-12 || total
-------------------------+-------+-------+-------+-------++-------
Melee: Hand axe          |   114 |    20 |       |       ||   134
       Bite              |    12 |     9 |    39 |    32 ||    92
       Quarterstaff      |       |    63 |   380 |   202 ||   645
Throw: Dart              |       |     1 |     6 |       ||     7
Invok: Depart the Abyss  |     1 |       |       |       ||     1
       Bend Space        |       |       |     1 |       ||     1
  Use: Scroll            |     5 |     4 |     5 |     5 ||    19
       Potion            |       |       |    11 |     1 ||    12
 Stab: Sleeping          |     1 |     1 |       |       ||     2
       Petrified         |       |       |     7 |     1 ||     8
       Petrifying        |       |       |     1 |       ||     1
       Paralysed         |       |       |     1 |       ||     1
Armor: Leather armour    |    24 |       |       |       ||    24
       Ring mail         |    18 |    32 |    53 |       ||   103
       Chain mail        |       |       |   213 |   139 ||   352
       Skin              |       |       |     2 |       ||     2
Dodge: Dodged            |    88 |    45 |   249 |   101 ||   483

Table legend: (Time is in decaauts)
 A = Elapsed time spent in this place.
 B = Non-inter-level travel time spent in this place.
 C = Inter-level travel time spent in this place.
 D = Time resting spent in this place.
 E = Time spent auto-exploring this place.
 F = Levels seen in this place.
 G = Mean time per level.
                   A        B        C        D        E       F      G
               +--------+--------+--------+--------+--------+-----+--------+
         Total |  10265 |  10031 |    234 |   1999 |   6058 |  10 | 1026.5 |
       Dungeon |  10217 |   9983 |    234 |   1999 |   6019 |   9 | 1135.2 |
         Abyss |     47 |     47 |      0 |      0 |     39 |   1 |   47.0 |
               +--------+--------+--------+--------+--------+-----+--------+

Top non-repeatable levels by time:
     D:5: 1988 daAuts
     D:6: 1866 daAuts
     D:2: 1296 daAuts
     D:8: 1228 daAuts
     D:3: 1126 daAuts
     D:4: 987 daAuts
     D:7: 982 daAuts
     D:1: 671 daAuts
     D:9: 70 daAuts
 Abyss:1: 47 daAuts
